 Dungeon Crawl Stone Soup version 0.30-a0-639-g3916f1956a (webtiles) character file.

Game seed: 8675220687313671598

28 wormed the Sneak (level 3, -5/22 HPs)
             Began as a Kobold Brigand on Jan 16, 2023.
             Engulfed by a steam dragon's steam (9 damage)
             ... on level 4 of the Dungeon.
             The game lasted 00:01:07 (1375 turns).

wormed the Sneak (Kobold Brigand)                   Turns: 1375, Time: 00:01:08

Health: -5/22      AC:  3    Str:  8    XL:     3   Next: 30%
Magic:  3/3        EV: 14    Int: 12    God:
Gold:   64         SH:  0    Dex: 18    Spells: 2/2 levels left

rFire   . . .      SeeInvis .    a - +2 dagger
rCold   . . .      Faith    .    (no shield)
rNeg    . . .      Spirit   .    b - +0 robe
rPois   .          Reflect  .    (no helmet)
rElec   .          Harm     .    c - +0 cloak
rCorr   .          Rampage  .    (no gloves)
Will    .....                    (no boots)
Stlth   ++++                     (no amulet)
HPRegen 0.23/turn                l - ring of flight
MPRegen 0.08/turn                (no ring)

@: flying
A: small, no large weapons, nightstalker 3
a: no special abilities


You were on level 4 of the Dungeon.
You visited 1 branch of the dungeon, and saw 3 of its levels.

You collected 64 gold pieces.

Inventory:

Hand Weapons
 a - a +2 dagger (weapon)
Missiles
 d - 9 poisoned darts
 e - 2 curare-tipped darts (quivered)
Armour
 b - a +0 robe (worn)
 c - a +0 cloak (worn)
Jewellery
 l - a ring of flight (left hand)
Potions
 h - a potion of brilliance
 n - a potion of resistance {unknown}


   Skills:
 + Level 2.5 Fighting
 * Level 3.6 Short Blades
 - Level 2.1 Throwing
 + Level 1.9 Dodging
 + Level 5.6 Stealth


You had 2 spell levels left.
You didn't know any spells.
Your spell library was empty.

Dungeon Overview and Level Annotations

Branches:
Dungeon (2/15)

Altars:
Ashenzari


Innate Abilities, Weirdness & Mutations

You are small and have problems with some larger weapons.
You are completely attuned to the shadows.


Message History

No target in view!
Found a stone staircase leading down.
A sourceless malevolence fills the Dungeon...
You are sucked into a shaft and drop 2 floors!
The shaft crumbles and collapses.
Found 27 gold pieces and a scroll of torment.
An endoplasm comes into view.
You see here 11 gold pieces.
An endoplasm is nearby!
Found a stone staircase leading up.
A steam dragon comes into view.
The steam dragon hisses angrily.
You hit the endoplasm.
The endoplasm is moderately wounded.
You hit the endoplasm.
The endoplasm is severely wounded.
The endoplasm freezes you.
You are frozen.
Throw: 3 darts (curare)
Press: ? - help, Q - select action, (/) - cycle Shift-Dir - straight line, f - steam dragon
Aim: a steam dragon (63% to hit)
You throw a curare-tipped dart.
The curare-tipped dart hits the steam dragon.
The steam dragon is poisoned.
The steam dragon convulses.
The steam dragon seems to slow down.
The steam dragon is lightly wounded.
The endoplasm completely misses you.
Found a gold wand.
The endoplasm closely misses you. The endoplasm hits you.
The endoplasm freezes you.
You are frozen.
The steam dragon breathes steam at you. The ball of steam hits you!
* * * LOW HITPOINT WARNING * * *
You are engulfed in a cloud of scalding steam.
* * * LOW HITPOINT WARNING * * *
The endoplasm is engulfed in a cloud of scalding steam.
The endoplasm dies!
You are engulfed in a cloud of scalding steam.
You die...

.... ##...#
#...##
#.##.....
###.##@##
##...#.§§##
##..$.§.§..##
#.....D§§./.#
#..$........#
#...?.......#
##.........##
##...#...##
#########


You could see a steam dragon (very poisoned, slow, catching breath).

Vanquished Creatures
  An adder (D:2)
  A dart slug (D:1)
  A worm (D:2)
  2 bats
  A giant cockroach (D:1)
  A goblin (D:1)
  A hobgoblin (D:1)
  A jackal (D:1)
  2 kobolds (D:1)
  A ball python (D:1)
  2 rats
14 creatures vanquished.

Vanquished Creatures (others)
  An endoplasm (D:4)
1 creature vanquished.

Grand Total: 15 creatures vanquished

Notes
Turn   | Place    | Note
-------+----------+-------------------------------------------
     0 | D:1      | wormed the Kobold Brigand began the quest for the Orb.
     0 | D:1      | Reached XP level 1. HP: 12/12 MP: 1/1
   373 | D:1      | Reached XP level 2. HP: 18/18 MP: 2/2
  1088 | D:2      | Reached XP level 3. HP: 13/22 MP: 3/3
  1156 | D:2      | Found a broken altar of Ashenzari.
  1363 | D:2      | You are sucked into a shaft and drop 2 floors!
  1366 | D:4      | Noticed a steam dragon
  1375 | D:4      | Engulfed by a steam dragon's steam

Illustrated notes

Levels and vault maps discovered:
D:1:      lightli_arrival_isolated_outpost, layout_basic, minmay_pentomino_u2
D:2:      layout_basic, basic_altar
D:4:      layout_rooms, biasface_ghost_orc_armoury, uniq_crazy_yiuf_cottage,
          uniq_eustachio, uniq_sigmund

Skill      XL: |  1 |
---------------+----+-----
Short Blades   | 3 |  3.6
Fighting       | |  2.5
Throwing       | |  2.1
Dodging        | |  1.9
Stealth        | |  5.6

Action                   || total
-------------------------++-------
Melee: Dagger            ||    44
       Punch             ||     1
Throw: Dart              ||     1
  Use: Scroll            ||     6
 Stab: Sleeping          ||     9
Armor: Robe              ||     2
Dodge: Dodged            ||    30

Table legend: (Time is in decaauts)
 A = Elapsed time spent in this place.
 B = Non-inter-level travel time spent in this place.
 C = Inter-level travel time spent in this place.
 D = Time resting spent in this place.
 E = Time spent auto-exploring this place.
 F = Levels seen in this place.
 G = Mean time per level.
                   A        B        C        D        E       F      G
               +--------+--------+--------+--------+--------+-----+--------+
         Total |   1375 |   1363 |     12 |     32 |   1213 |   3 |  458.3 |
       Dungeon |   1375 |   1363 |     12 |     32 |   1213 |   3 |  458.3 |
               +--------+--------+--------+--------+--------+-----+--------+

Top non-repeatable levels by time:
     D:1: 1046 daAuts
     D:2: 317 daAuts
     D:4: 11 daAuts
